 Dungeon Crawl Stone Soup version 0.19.5 (webtiles) character file.

2478 JeffiDaFish the Blocker (level 9, 0/54 HPs)
             Began as a Gargoyle Fighter on Apr 12, 2017.
             Was a Follower of Okawaru.
             Slain by Grum
             ... wielding a -1 halberd
              (18 damage)
             ... on level 8 of the Dungeon on Apr 13, 2017.
             The game lasted 00:12:46 (5224 turns).

JeffiDaFish the Blocker (Gargoyle Fighter)          Turns: 5224, Time: 00:12:46

Health: 0/54       AC: 17    Str: 19      XL:     9   Next: 51%
Magic:  9/9        EV:  7    Int: 10      God:    Okawaru [*.....]
Gold:   359        SH: 11    Dex: 13 (14) Spells: 1 memorised, 7 levels left

rFire  + . .     SeeInvis .     k - +0 whip (elec)
rCold  + . .     Gourm    .     v - +0 chain mail {rC+}
rNeg   + . .     Faith    .     c - +0 shield
rPois  ∞         Spirit   .     (no helmet)
rElec  +         Reflect  .     (no cloak)
rCorr  .         Harm     .     (no gloves)
MR     +....                    l - +0 pair of boots
Stlth  ..........               h - amulet of regeneration
                                (no ring)
                                a - ring of protection from fire

@: no status effects
A: agile 1, magic resistance 1, mutation resistance 1, negative energy
resistance 1, electricity resistance, unbreathing, petrification resistance, rot
immunity, AC +5
a: Heroism, Renounce Religion


You were on level 8 of the Dungeon.
You worshipped Okawaru.
Okawaru was aware of your devotion.
You were not hungry.

You visited 2 branches of the dungeon, and saw 9 of its levels.
You also visited: Ossuary.

You collected 359 gold pieces.

Inventory:

Hand Weapons
 k - a +0 whip of electrocution (weapon)
Armour
 c - a +0 shield (worn)
 l - a +0 pair of boots (worn)
 v - a +0 chain mail of cold resistance (worn)
Jewellery
 a - a ring of protection from fire (left hand)
 h - an amulet of regeneration (around neck)
Wands
 q - a wand of hasting (4/9)
Scrolls
 i - 2 scrolls of blinking
 j - 10 scrolls of remove curse
 w - a scroll of teleportation
 x - 2 scrolls of fog
 y - a scroll of identify
Potions
 d - 4 potions of might
 e - 2 potions of flight
 m - a potion of ambrosia
 p - 2 potions of agility
 r - a potion of brilliance
 t - a potion of heal wounds
 u - 3 potions of curing
Comestibles
 b - 2 chunks of flesh
 f - 8 bread rations
 g - 4 beef jerkies
 n - 2 fruits
 o - 3 meat rations
 s - 2 royal jellies


   Skills:
 + Level 5.4 Fighting
 + Level 7.7 Maces & Flails
 + Level 5.9 Armour
 + Level 3.3 Dodging
 + Level 0.5 Stealth
 + Level 8.1 Shields


You had 7 spell levels left.
You knew the following spells:

 Your Spells              Type           Power        Failure   Level  Hunger
a - Animate Skeleton      Necr           N/A          100%        1    ##.....


Dungeon Overview and Level Annotations

Branches:
Dungeon (8/15)             Temple (1/1) D:5            Lair (0/6) D:8

Altars:
Ashenzari
Cheibriados
Dithmenos
Elyvilon
Fedhas
Gozag
Hepliaklqana
Kikubaaqudgha
Makhleb
Nemelex Xobeh
Okawaru
Qazlal
Ru
Sif Muna
Trog
Uskayaw
Vehumet
Xom
Zin
The Shining One

Shops:
D:5 !?   D:7 *

Annotations:
D:8 Grum


Innate Abilities, Weirdness & Mutations

You are resistant to torment.
Your stone body is resilient. (AC +5)
You are immune to poison.
You resist negative energy. (rN+)
You are resistant to electric shocks. (rElec)
You can survive without breathing.
You are immune to petrification.
You are immune to rotting.
You are agile. (Dex +2)
You are resistant to hostile enchantments. (MR+)
You are somewhat resistant to further mutation.


Message History

Unknown command.
You whack the ogre!
The ogre is heavily wounded.
The wolf bites you but does no damage. x2
Unknown command.
Unknown command.
You hit the ogre but do no damage.
The ogre is heavily wounded.
The ogre hits you with a giant spiked club!
* * * LOW HITPOINT WARNING * * *
You block Grum's attack. The wolf bites you.
* * * LOW HITPOINT WARNING * * *
Unknown command.
You are too injured to fight recklessly!
Unknown command.
You are too injured to fight recklessly!
You feel much better. You block the wolf's attack.
The ogre hits you with a giant spiked club!
Grum hits you from afar with a halberd!!
You die...

#...#.......#..#.#
+..#....#(..#....#.#####
## #...##.P.##..........
....#..PPPP...#...####
#...#...P>PP..#..##
.....#...PPP...#..#
##.#...##P.P##....#
#.#... #...#....## #..
.......#.@#
....#######gOh# .......
#...#..... ...........
#...#.###.#. #...#. .#.#
.. #. .. .


You could see Grum, an ogre and a wolf.

Vanquished Creatures
  Pikel (D:5)
  A two-headed ogre (D:8)
  A wraith (Ossuary)
  Menkaure (D:5)
  A sky beast (D:7)
  3 ogres
  2 black bears
  A wolf (D:8)
  A centaur (D:7)
  2 big kobolds (D:7)
  2 bullfrogs (D:7)
  3 hounds
  A jelly (D:5)
  2 orc priests (D:6)
  A centaur skeleton (D:5)
  6 worker ants
  A mummy (Ossuary)
  A worker ant zombie (D:6)
  6 adders
  6 gnolls
  A shadow imp (D:5)
  An ooze (D:6)
  An adder zombie (D:5)
  An adder skeleton (D:4)
  3 worms
  2 dart slugs (D:1)
  A leopard gecko (D:6)
  11 orcs
  2 ball pythons
  3 bats
  A giant cockroach (D:2)
  3 goblins
  A hobgoblin (D:3)
  10 jackals
  17 kobolds
  A quokka (D:4)
  4 frilled lizards
  6 gnoll skeletons (Ossuary)
  4 kobold skeletons (Ossuary)
  A leopard gecko skeleton (D:7)
  15 orc skeletons (Ossuary)
  4 rats
136 creatures vanquished.

Vanquished Creatures (others)
  An ogre (D:5)
  A scorpion (D:5)
  A crimson imp (D:5)
  An orc priest (D:5)
  An orc (D:5)
5 creatures vanquished.

Grand Total: 141 creatures vanquished

Notes
Turn   | Place    | Note
-------+----------+-------------------------------------------
     0 | D:1      | JeffiDaFish the Gargoyle Fighter began the quest for the Orb.
     0 | D:1      | Reached XP level 1. HP: 14/14 MP: 1/1
    62 | D:1      | Reached XP level 2. HP: 19/19 MP: 2/2
   306 | D:1      | You fall through a shaft!
   463 | D:2      | Reached XP level 3. HP: 22/23 MP: 3/3
   615 | D:2      | Reached XP level 4. HP: 17/29 MP: 4/4
   670 | D:2      | Reached skill level 1 in Dodging
   694 | D:2      | Reached skill level 4 in Shields
   982 | D:2      | Found a deep blue altar of Sif Muna.
   982 | D:2      | Found a blossoming altar of Fedhas.
  1015 | D:3      | Found a white marble altar of Elyvilon.
  1766 | D:4      | Noticed an ogre
  1773 | D:4      | Killed an ogre
  1773 | D:4      | Reached XP level 5. HP: 25/33 MP: 5/5
  1982 | D:4      | Reached XP level 6. HP: 33/38 MP: 6/6
  2014 | D:4      | Noticed a black bear
  2020 | D:4      | Killed a black bear
  2335 | D:4      | Reached skill level 5 in Shields
  2424 | D:5      | Entered Level 5 of the Dungeon
  2538 | D:5      | Noticed a slave
  2539 | D:5      | Noticed a slave
  2540 | D:5      | Noticed Pikel
  2540 | D:5      | Noticed a slave
  2541 | D:5      | Noticed a slave
  2594 | D:5      | Killed Pikel
  2594 | D:5      | Reached skill level 5 in Maces & Flails
  2594 | D:5      | Reached skill level 5 in Armour
  2594 | D:5      | Reached XP level 7. HP: 44/44 MP: 7/7
  2629 | D:5      | Reached XP level 8. HP: 45/48 MP: 8/8
  2829 | D:5      | Reached skill level 6 in Shields
  2843 | D:5      | Found Pewiump's Distillery.
  2889 | D:5      | Found Zeharus's Magic Scroll Emporium.
  2895 | D:5      | Found a staircase to the Ecumenical Temple.
  2909 | Temple   | Entered the Ecumenical Temple
  3034 | D:5      | Noticed Menkaure
  3048 | D:5      | Killed Menkaure
  3492 | D:6      | Found a sand-covered staircase.
  3497 | Ossuary  | Entered an ossuary
  3497 | Ossuary  | Noticed a wraith
  3497 | Ossuary  | Noticed a wraith
  3497 | Ossuary  | Noticed a wraith
  3552 | Ossuary  | Gained mutation: You are agile. (Dex +2) [potion of mutation]
  3552 | Ossuary  | Gained mutation: You are resistant to hostile enchantments. (MR+) [potion of mutation]
  3552 | Ossuary  | Gained mutation: You are somewhat resistant to further mutation. [potion of mutation]
  3567 | Ossuary  | Noticed a wraith
  3579 | Ossuary  | Killed a wraith
  3579 | Ossuary  | Reached skill level 5 in Fighting
  3761 | D:6      | Found an iron altar of Okawaru.
  3784 | D:6      | Became a worshipper of Warmaster Okawaru
  3798 | D:6      | Learned a level 1 spell: Animate Skeleton
  4053 | D:6      | Reached skill level 7 in Shields
  4336 | D:7      | Reached XP level 9. HP: 51/54 MP: 9/9
  5018 | D:7      | Found Fimeutuwn's Assorted Antiques.
  5185 | D:8      | Found a staircase to the Lair.
  5196 | D:8      | Noticed a two-headed ogre
  5203 | D:8      | Killed a two-headed ogre
  5203 | D:8      | Reached * piety under Okawaru
  5203 | D:8      | Reached skill level 8 in Shields
  5207 | D:8      | Noticed Grum
  5223 | D:8      | HP: 2/54 [wolf[Grum] (4)]
  5224 | D:8      | Slain by Grum

Skill      XL: |  1  2  3  4  5  6  7  8  9 |
---------------+----------------------------+-----
Dodging        | 1 2 3 |  3.3
Shields        | 4 5 7 8 |  8.1
Armour         | 4 5 |  5.9
Fighting       | 4 5 |  5.4
Maces & Flails | 3 5 6 7 |  7.7
Stealth        | |  0.5

Action                   |  1- 3 |  4- 6 |  7- 9 || total
-------------------------+-------+-------+-------++-------
Melee: Flail             |    75 |   198 |     3 ||   276
       Whip              |       |       |   378 ||   378
  Use: Scroll            |     3 |     9 |     7 ||    19
       Potion            |     2 |     5 |     5 ||    12
  Eat: Chunk             |       |     6 |     9 ||    15
Armor: Scale mail        |    72 |    97 |    96 ||   265
       Chain mail        |       |       |    58 ||    58
Dodge: Dodged            |    50 |    57 |   116 ||   223
Block: Shield            |    95 |    98 |   205 ||   398
